 Dungeon Crawl Stone Soup version 0.22-a0-525-gf69a080 (webtiles) character file.

39 BingusPrime the Sneak (level 3, 0/19 HPs)
             Began as a Tengu Enchanter on June 20, 2018.
             Slain by a giant cockroach (2 damage)
             ... on level 3 of the Dungeon.
             The game lasted 00:04:37 (982 turns).

BingusPrime the Sneak (Tengu Enchanter)              Turns: 982, Time: 00:04:37

Health: 0/19       AC:  6    Str:  8    XL:     3   Next: 47%
Magic:  7/7        EV:  8    Int: 15    God:
Gold:   65         SH:  0    Dex: 15    Spells: 5/6 levels left

rFire    + . .     SeeInvis .   c - +2 mace (holy)
rCold    + . .     Gourm    .   (no shield)
rNeg     . . .     Faith    .   j - +0 scale mail (curse)
rPois    +         Spirit   .   (helmet restricted)
rElec    +         Reflect  .   (no cloak)
rCorr    +         Harm     .   (no gloves)
MR       .....                  (boots unavailable)
Stlth    +.........             (no amulet)
HPRegen  0.06/turn              (no ring)
MPRegen  0.10/turn              (no ring)

@: resistant
A: beak, talons 3
a: no special abilities


You were on level 3 of the Dungeon.
You were hungry.

You visited 1 branch of the dungeon, and saw 3 of its levels.

You collected 65 gold pieces.

Inventory:

Hand Weapons
 a - a +1 dagger
 c - a +2 mace of holy wrath (weapon)
Missiles
 k - 3 stones (quivered)
Armour
 b - a +0 robe
 j - a cursed +0 scale mail (worn)
Comestibles
 d - 3 rations


   Skills:
 + Level 0.2 Fighting
 + Level 1.1 Short Blades
 + Level 0.7 Maces & Flails
 + Level 0.2 Armour
 + Level 2.3 Dodging
 + Level 3.3 Stealth
 + Level 2.3 Spellcasting
 + Level 2.6 Hexes


You had 5 spell levels left.
You knew the following spells:

 Your Spells              Type           Power        Failure   Level  Hunger
a - Corona                Hex            #......      58%         1    #......

Your spell library contained the following spells:

 Spells                   Type           Power        Failure   Level  Hunger
 Confuse                  Hex            #.......     92%         3    ###....
 Tukima's Dance           Hex            #.......     92%         3    ###....
 Ensorcelled Hibernation  Hex/Ice        #.....       89%         2    ###....
 Dazzling Spray           Conj/Hex       #.....       98%         3    ###....


Dungeon Overview and Level Annotations

Branches:
Dungeon (3/15)

Altars:


Innate Abilities, Weirdness & Mutations

You have a beak for a mouth.
You have claws for feet.


Message History

The bat closely misses you. The bat hits you but does no damage.
You hit the bat.
You kill the bat!
Found 8 poisoned needles.
A giant cockroach comes into view.
An orc comes into view. It is wielding a dagger of venom.
The orc moves out of view.
You open the large door. 3 orcs come into view.
The orc shouts! x2
The orc throws a tomahawk.
The tomahawk hits you but does no damage.
A bat comes into view.
The giant cockroach bites you but does no damage.
You hit the giant cockroach but do no damage.
Your kick misses the giant cockroach.
The giant cockroach bites you but does no damage.
An orc comes into view. It is wielding a hand axe.
The giant cockroach bites you.
You die...

#<# #.# #.# #.# .
#.# .. #.# #.o. #.#
.o...
###.#######.o.b..
#.....os@('.o....
#......###'......
..........(.....###.
................#
.................#
.................#
.................#
####............#


You could see 5 orcs, a giant cockroach and a bat.

Vanquished Creatures
  An adder (D:2)
  An ooze (D:3)
  2 leopard geckos (D:1)
  A giant cockroach (D:1)
  3 goblins (D:1)
  4 hobgoblins
  7 bats
  A frilled lizard (D:1)
  2 kobolds (D:1)
  3 rats (D:1)
25 creatures vanquished.

Notes
Turn   | Place    | Note
-------+----------+-------------------------------------------
     0 | D:1      | BingusPrime the Tengu Enchanter began the quest for the Orb.
     0 | D:1      | Reached XP level 1. HP: 10/10 MP: 4/4
   108 | D:1      | Reached XP level 2. HP: 14/15 MP: 3/6
   902 | D:2      | Reached XP level 3. HP: 13/19 MP: 4/7
   982 | D:3      | Slain by a giant cockroach

Vault maps used:
D:1:      evilmike_arrival_crescent, minmay_hedge_maze, due_unseen_surprise
D:2:      cheibrodos_helix_gallery, uniq_crazy_yiuf_cottage
D:3:      gammafunk_ghost_grave, hex_intersection, uniq_terence

Action                   || total
-------------------------++-------
Melee: Mace              ||    44
       Kick              ||     8
       Dagger            ||     1
       Peck              ||     4
 Cast: Corona            ||    17
  Use: Scroll            ||     3
       Potion            ||     4
 Stab: Sleeping          ||     1
Armor: Robe              ||     4
       Scale mail        ||    68
Dodge: Dodged            ||    67

Table legend:
 A = Spawn XP
 B = Non-spawn XP
 C = Spawn XP percentage of total XP
 D = Spawn monster count
 E = Non-spawn monster count
 F = Spawn count percentage of total count
 G = Total turns spent on level
                    A         B        C        D         E        F      G
               +---------+---------+-------+---------+---------+-------+---------
         Total |       0 |      57 |   0.0 |       0 |      25 |   0.0 |   982
               +---------+---------+-------+---------+---------+-------+---------
           D:1 |       0 |      32 |   0.0 |       0 |      20 |   0.0 |   897
           D:2 |       0 |      13 |   0.0 |       0 |       1 |   0.0 |    31
           D:3 |       0 |      12 |   0.0 |       0 |       4 |   0.0 |    54
               +---------+---------+-------+---------+---------+-------+---------
